 Dungeon Crawl Stone Soup version 0.23-a0-448-g1c01f63 (webtiles) character file.

3296 Cryolive the Digger (level 10, -2/59 HPs)
             Began as a Gargoyle Earth Elementalist on Nov 20, 2018.
             Was a Follower of Vehumet.
             Engulfed by a steam dragon's steam (8 damage)
             ... on level 7 of the Dungeon.
             The game lasted 00:34:24 (6508 turns).

Cryolive the Digger (Gargoyle Earth Elementalist)   Turns: 6508, Time: 00:34:25

Health: -2/59      AC: 10    Str: 12    XL:     10   Next: 1%
Magic:  8/17       EV: 13    Int: 19    God:    Vehumet [*.....]
Gold:   392        SH:  0    Dex: 10    Spells: 9/19 levels left

rFire    . . .     SeeInvis .   o - +0 quarterstaff
rCold    + . .     Gourm    .   (shield currently unavailable)
rNeg     + + .     Faith    .   c - +0 robe
rPois    ∞         Spirit   .   (no helmet)
rElec    +         Reflect  .   s - +0 cloak (curse)
rCorr    .         Harm     .   (no gloves)
MR       .....                  (no boots)
Stlth    ++........             k - amulet of regeneration
HPRegen  0.59/turn              h - ring of protection from cold
MPRegen  0.15/turn              w - ring of positive energy

@: no status effects
A: negative energy resistance 1, electricity resistance, unbreathing,
petrification resistance, rot immunity, AC +7
a: Renounce Religion


You were on level 7 of the Dungeon.
You worshipped Vehumet.
Vehumet was aware of your devotion.
You were not hungry.

You visited 1 branch of the dungeon, and saw 7 of its levels.

You collected 392 gold pieces.

Inventory:

Hand Weapons
 o - a +0 quarterstaff (weapon)
 y - the +1 broad axe of Governance {flame, rPois rF- Str+5}
   (You found it on level 6 of the Dungeon)

   It has been specially enchanted to burn those struck by it, causing extra
   injury to most foes and up to half again as much damage against particularly
   susceptible opponents.
   Big, fiery blades are also staple armaments of hydra-hunters.
   It affects your strength (+5).
   It makes you vulnerable to fire.
   It protects you from poison.
Missiles
 b - 158 stones (quivered)
Armour
 c - a +0 robe (worn)
 s - a cursed +0 cloak (worn)
 x - the +1 leather armour "Jekoli Teis" {+Blink Slay+6}
   (You found it on level 5 of the Dungeon)

   It affects your accuracy and damage with ranged weapons and melee attacks
   (+6).
   It lets you blink.
Jewellery
 h - a ring of protection from cold (left hand)
 k - an amulet of regeneration (around neck)
 w - a ring of positive energy (right hand)
Wands
 u - a wand of random effects (19)
 C - a wand of disintegration (10)
Scrolls
 a - 2 scrolls of identify
 e - 2 scrolls of enchant armour {unknown}
 i - 2 scrolls of amnesia {unknown}
 m - a scroll of enchant weapon {unknown}
 n - a scroll of random uselessness {unknown}
 p - a scroll of immolation {unknown}
 r - 3 scrolls of teleportation
 t - a scroll of fog {unknown}
 v - 4 scrolls of remove curse {unknown}
 z - a scroll of noise {unknown}
 B - a scroll of magic mapping {unknown}
Potions
 f - a potion of invisibility
 g - 2 potions of curing
 j - a potion of berserk rage
 l - a potion of mutation
 q - a potion of degeneration
 A - a potion of might
 D - a potion of lignification {unknown}
Comestibles
 d - 13 rations


   Skills:
 + Level 5.5 Fighting
 + Level 4.6 Staves
 + Level 5.5 Armour
 + Level 4.5 Dodging
 - Level 2.1 Stealth
 + Level 5.1 Spellcasting
 + Level 5.1 Conjurations
   Level 0.7 Transmutations
 * Level 1.5 Fire Magic
 + Level 7.1 Earth Magic
 + Level 0.9 Evocations


You had 9 spell levels left.
You knew the following spells:

 Your Spells              Type           Power        Failure   Level  Hunger
a - Sandblast             Erth           ####..       1%          1    None
b - Stone Arrow           Conj/Erth      ####..       3%          3    ##.....
c - Lee's Rapid Deconstr  Erth           ####......   19%         5    ######.
d - Flame Tongue          Conj/Fire      ###..        3%          1    None

Your spell library contained the following spells:

 Spells                   Type           Power        Failure   Level  Hunger
 Passwall                 Tmut/Erth      ###.....     3%          2    #......
 Throw Frost              Conj/Ice       ##....       6%          2    #......
 Freeze                   Ice            #...         12%         1    None
 Petrify                  Tmut/Erth      ###.....     24%         4    ####...
 Ozocubu's Armour         Chrm/Ice       #.......     36%         3    ##.....
 Throw Icicle             Conj/Ice       ##......     38%         4    ####...
 Summon Ice Beast         Ice/Summ       #.......     77%         4    ####...


Dungeon Overview and Level Annotations

Branches:
Dungeon (7/15)             Temple (0/1) D:7

Altars:
Cheibriados
Kikubaaqudgha
Nemelex Xobeh
Trog
Vehumet
Wu Jian
Zin

Shops:
D:4 ?   D:7 %%

Annotations:
D:5 2 transporters, Greg's ghost, novice SpAs


Innate Abilities, Weirdness & Mutations

You are resistant to torment.
Your stone body is resilient. (AC +7)
You are immune to poison.
You resist negative energy. (rN+)
You are resistant to electric shocks. (rElec)
You can survive without breathing.
You are immune to petrification.
You are immune to rotting.


Message History

The steam dragon breathes steam at you. The ball of steam hits you!
* * * LOW HITPOINT WARNING * * *
Casting: Sandblast (safe; 1% risk of failure)
Confirm with . or Enter, or press ? or * to list all spells.
Aiming: Sandblast (safe; 1% risk of failure)
Press: ? - help, Shift-Dir - straight line, f/p - steam dragon
Aim: a steam dragon (severely wounded, catching its breath)
Okay, then.
You feel better.
You are engulfed in a cloud of scalding steam.
* * * LOW HITPOINT WARNING * * *
The steam dragon bites you but does no damage.
The steam dragon claws you but does no damage.
Aiming: Disintegrate
Press: ? - help, Shift-Dir - straight line, f/p - steam dragon
Aim: a steam dragon (severely wounded, catching its breath, chance to defeat The steam dragon is blasted.
You are engulfed in a cloud of scalding steam.
You die...

##### #.# #.#####.####.#.# ## #.#
#.#####.# #.#.#
(######.##########.......####.#.#
..............[....#####.........
####################≈P≈###.##.###
.≈######## #≈≈P.≈ #......#
P≈.≈≈P≈PP#########PP...P #....#..
.........P.≈≈PP§(≈^≈.... #.......
.P.≈≈≈≈≈P...§.§§@D...... #####...
..^^P#######.P§§§P...... #<.....
≈P.###.....#######..P.≈≈#####....
####...###.......###.≈###...+....
.....### #######...####...###....
.##### #.^.......#.# #.... ##
#........##.# #.... ###
#........##.# #.... ..#
#........##.###..[.


You could see a steam dragon.

Vanquished Creatures
  Pikel (D:5)
  A yak (D:5)
  A steam dragon (D:7)
  Menkaure (D:7)
  Duvessa (D:6)
  2 water moccasins (D:7)
  A black bear (D:5)
  A sky beast (D:6)
  A necrophage (D:6)
  4 ogres
  A phantom (D:7)
  2 centaurs (D:7)
  A bullfrog (D:6)
  A wyvern skeleton (D:7)
  A scorpion (D:4)
  Dowan (D:6)
  A howler monkey (D:4)
  A crimson imp (D:5)
  4 orc priests
  5 hounds
  A jelly (D:6)
  2 iguanas
  5 orc wizards
  A statue (D:5)
  3 worker ants
  A hound skeleton (D:4)
  A howler monkey zombie (D:5)
  19 gnolls
  7 adders
  A shadow imp (D:6)
  2 adder skeletons
  6 worms
  3 dart slugs
  4 leopard geckos
  13 orcs
  8 bats
  6 giant cockroaches
  7 goblins
  10 hobgoblins
  A jackal (D:6)
  9 kobolds
  4 quokkas
  2 ball pythons (D:3)
  3 frilled lizards
  A giant cockroach zombie (D:6)
  A leopard gecko zombie (D:5)
  12 rats
165 creatures vanquished.

Vanquished Creatures (others)
  4 slaves (D:5)
  A howler monkey (D:5)
  A centaur zombie (D:5)
  An orc wizard (D:5)
  A shadow imp (D:5)
  An ooze (D:5)
  3 orcs (D:5)
  A frilled lizard (D:5)
13 creatures vanquished.

Grand Total: 178 creatures vanquished

Notes
Turn   | Place    | Note
-------+----------+-------------------------------------------
     0 | D:1      | Cryolive the Gargoyle Earth Elementalist began the quest
                  | for the Orb.
     0 | D:1      | Reached XP level 1. HP: 10/10 MP: 3/3
    99 | D:1      | Reached XP level 2. HP: 8/16 MP: 1/5
   650 | D:1      | Reached skill level 1 in Fighting
   823 | D:1      | Reached skill level 1 in Armour
  1084 | D:1      | Reached XP level 3. HP: 20/20 MP: 6/6
  1089 | D:1      | Learned a level 3 spell: Stone Arrow
  1186 | D:1      | Reached skill level 4 in Earth Magic
  1788 | D:2      | Reached XP level 4. HP: 20/25 MP: 3/7
  2372 | D:3      | Reached XP level 5. HP: 19/30 MP: 1/8
  2430 | D:3      | Reached skill level 1 in Conjurations
  2505 | D:3      | Reached skill level 1 in Staves
  2882 | D:3      | Found an ornate altar of the Wu Jian Council.
  2882 | D:3      | Found a faded altar of an unknown god.
  2887 | D:3      | Found a glowing silver altar of Zin.
  2889 | D:3      | Found an ancient bone altar of Kikubaaqudgha.
  2891 | D:3      | Found a faded altar of an unknown god.
  2991 | D:4      | Reached XP level 6. HP: 30/36 MP: 4/10
  3142 | D:4      | Found a sparkling altar of Nemelex Xobeh.
  3146 | D:4      | Found a bloodstained altar of Trog.
  3266 | D:4      | Reached XP level 7. HP: 31/40 MP: 11/11
  3347 | D:4      | Found Naaqaan's Magic Scroll Emporium.
  3421 | D:4      | Reached skill level 5 in Earth Magic
  3599 | D:5      | Entered Level 5 of the Dungeon
  3599 | D:5      | Noticed Pikel
  3625 | D:5      | Killed Pikel
  3625 | D:5      | Reached XP level 8. HP: 4/48 MP: 0/13
  3780 | D:5      | Found a radiant altar of Vehumet.
  3791 | D:5      | Learned a level 5 spell: Lee's Rapid Deconstruction
  3849 | D:5      | Found a transporter.
  3850 | D:5      | Noticed Greg's ghost (novice SpAs)
  4005 | D:5      | Found a transporter.
  4038 | D:5      | Got a warped leather armour
  4054 | D:5      | Found a snail-covered altar of Cheibriados.
  4576 | D:5      | Reached skill level 6 in Earth Magic
  4698 | D:5      | Became a worshipper of Vehumet
  4827 | D:6      | Noticed a yak
  4855 | D:5      | Killed a yak
  4855 | D:5      | Reached XP level 9. HP: 52/52 MP: 9/15
  4947 | D:6      | Identified the +1 leather armour "Jekoli Teis" {+Blink
                  | Slay+6} (You found it on level 5 of the Dungeon)
  4975 | D:6      | Noticed Dowan
  5062 | D:6      | Killed Dowan
  5077 | D:6      | Got a shimmering broad axe
  5343 | D:6      | Noticed Duvessa
  5376 | D:6      | Killed Duvessa
  5380 | D:6      | Reached skill level 5 in Armour
  5626 | D:6      | Identified the +1 broad axe of Governance {flame, rPois rF-
                  | Str+5} (You found it on level 6 of the Dungeon)
  5699 | D:7      | Reached skill level 5 in Fighting
  5708 | D:7      | Found Ulanahic's Food Boutique.
  5802 | D:7      | Found a staircase to the Ecumenical Temple.
  5835 | D:7      | Found Ciugeil's Food Emporium.
  5858 | D:7      | Reached skill level 5 in Spellcasting
  5881 | D:7      | Noticed Menkaure
  5912 | D:7      | Killed Menkaure
  5912 | D:7      | Reached * piety under Vehumet
  5912 | D:7      | Offered knowledge of Flame Tongue by Vehumet.
  5915 | D:7      | Learned a level 1 spell: Flame Tongue
  5969 | D:7      | Reached skill level 7 in Earth Magic
  5978 | D:7      | Reached skill level 5 in Conjurations
  6082 | D:7      | Reached skill level 1 in Fire Magic
  6502 | D:7      | Reached XP level 10. HP: 38/59 MP: 11/17
  6506 | D:7      | HP: 2/59 [steam dragon/ball of steam (17)]
  6508 | D:7      | Engulfed by a steam dragon's steam

Vault maps used:
D:1:      mrwooster_arrival_statue_3
D:2:      first_ration
D:3:      chequers_temple_overflow_minitemple
D:4:      grunt_temple_overflow_open, serial_shops, shop
D:5:      black_bear_nest_2, kennysheep_slug_shrine, vehumet_statue,
          nicolae_overflow_hidden_temple, gammafunk_ghost_stat_death,
          corexii_shack, st_stairs_1, uniq_pikel
D:6:      minmay_chambers_of_fives, uniq_duvessa
D:7:      kennysheep_steamy, minmay_temple_entry_mini_moons, serial_shops, shop,
          shop, uniq_menkaure

Skill      XL: |  1  2  3  4  5  6  7  8  9 |
---------------+----------------------------+-----
Fighting       | 1 2 3 4 5 |  5.5
Armour         | 1 2 3 4 5 |  5.5
Earth Magic    | 4 5 6 7 |  7.1
Dodging        | 2 3 4 |  4.5
Conjurations   | 1 2 3 4 5 |  5.1
Staves         | 1 2 3 4 |  4.6
Spellcasting   | 3 4 5 |  5.1
Fire Magic     | 1 |  1.5
Stealth        | |  2.1
Transmutations | |  0.7
Evocations     | |  0.9

Action                   |  1- 3 |  4- 6 |  7- 9 | 10-12 || total
-------------------------+-------+-------+-------+-------++-------
Melee: Unarmed           |    18 |       |       |       ||    18
       Club              |    83 |       |       |       ||    83
       Mace              |    23 |    37 |       |       ||    60
       Quarterstaff      |       |   197 |   236 |       ||   433
 Cast: Sandblast         |    17 |    32 |   105 |     5 ||   159
       Lee's Rapid Decon |       |       |     1 |       ||     1
       Stone Arrow       |       |       |    10 |       ||    10
Evoke: Wand              |       |       |       |     1 ||     1
  Use: Scroll            |       |       |    10 |       ||    10
       Potion            |       |       |       |     1 ||     1
 Stab: Sleeping          |     1 |     1 |       |       ||     2
  Eat: Chunk             |     3 |     6 |    10 |       ||    19
       Ration            |       |       |     1 |       ||     1
Armor: Robe              |    64 |   112 |   140 |     5 ||   321
Dodge: Dodged            |   118 |   219 |   251 |     1 ||   589

Table legend:
 A = Non-vault XP
 B = Vault XP
 C = Vault XP percentage of total XP
 D = Non-vault monster count
 E = Vault monster count
 F = Vault count percentage of total count
                 A         B        C        D         E       F
            +---------+---------+-------+---------+---------+-------
      Total |    2908 |    1801 |  38.2 |     151 |      14 |   8.5
            +---------+---------+-------+---------+---------+-------
        D:1 |      53 |       0 |   0.0 |      29 |       0 |   0.0
        D:2 |      66 |       0 |   0.0 |      24 |       0 |   0.0
        D:3 |     190 |       0 |   0.0 |      24 |       0 |   0.0
        D:4 |     594 |       0 |   0.0 |      34 |       0 |   0.0
        D:5 |     387 |    1166 |  75.1 |      17 |       7 |  29.2
        D:6 |     567 |     276 |  32.7 |       9 |       5 |  35.7
        D:7 |    1051 |     359 |  25.5 |      14 |       2 |  12.5
            +---------+---------+-------+---------+---------+-------
